Map: [ESL] Ghost River

Players

Nice

  • Race: Protoss Protoss
  • Spawn Location: 11:00

Lemon - Winner!

  • Race: Protoss Protoss
  • Spawn Location: 1:00

Event: ESL SC2 Masters 2024 Spring (Regional)

VOD

Have the link to the VOD?

Description

Time

  • Played on: April 11, 2024, 7:06 a.m.
  • Length: 10:14

All games in this series

Show
View Real Time Build Order
Export as new Build Order

Nice Protoss 

Build Orders: Oracle Opening 

Get SALT Encoding   

  12  0:00  Probe  
  13  0:12  Probe  
  14  0:16  Pylon  
  14  0:24  Probe (Chrono Boost)  
  16  0:36  Probe (Chrono Boost), Gateway  
  16  0:41  Probe (Chrono Boost)  
  16  0:46  Assimilator  
  17  0:52  Probe (Chrono Boost)  
  17  0:54  Assimilator  
  18  1:04  Probe (Chrono Boost)  
  18  1:06  Gateway  
  19  1:13  Probe (Chrono Boost)  
  20  1:19  Probe  
  20  1:24  Cybernetics Core  
  21  1:31  Probe  
  22  1:38  Pylon  
  22  1:43  Probe  
  23  1:56  Probe  
  24  2:01  Stalker x2  
  24  2:05  Warp Gate  
  28  2:13  Pylon  
  28  2:17  Pylon  
  28  2:31  Stalker  
  28  2:33  Stalker  
  32  2:41  Stargate  
  32  2:59  Probe  
  33  3:18  Probe  
  33  3:21  Oracle (Chrono Boost), Nexus  
  36  3:31  Twilight Council  
  36  3:39  Pylon  
  36  3:41  Probe (Chrono Boost)  
  37  3:53  Probe (Chrono Boost)  
  38  3:58  Probe (Chrono Boost)  
  39  4:08  Probe  
  40  4:13  Dark Shrine  
  40  4:20  Probe  
  41  4:24  Blink (Chrono Boost)  
  41  4:34  Stalker, Probe (Chrono Boost)  
  41  4:35  Probe (Chrono Boost)  
  45  4:43  Stalker  
  49  4:46  Probe (Chrono Boost)  
  49  4:48  Probe (Chrono Boost)  
  49  4:50  Shield Battery  
  49  4:51  Probe (Chrono Boost)  
  50  4:56  Probe  
  50  4:59  Gateway  
  51  5:01  Probe  
  51  5:06  Pylon  
  52  5:08  Probe  
  52  5:13  Probe  
  54  5:14  Adept  
  54  5:15  Adept  
  54  5:20  Probe  
  59  5:27  Nexus, Probe  
  60  5:32  Probe  
  61  5:40  Stalker x2  
  63  5:45  Probe  
  62  5:50  Probe  
  62  5:52  Shield Battery  
  62  5:53  Stalker  
  65  5:57  Shield Battery  
  65  5:59  Pylon  
  65  6:00  Assimilator  
  65  6:06  Stalker x2  
  65  6:09  Probe  
  68  6:18  Shield Battery  
  68  6:20  Dark Templar  
  56  6:27  Probe  
  56  6:30  Stalker, Dark Templar  
  56  6:31  Probe  
  60  6:39  Probe  
  57  6:43  Probe  
  58  6:51  Pylon, Probe, Gateway  
  58  6:53  Stalker x2  
  64  6:55  Probe  
  64  7:03  Probe  
  64  7:07  Stalker, Probe  
  63  7:12  Stalker  
  63  7:13  Stalker  
  46  7:32  Stalker  
  46  7:34  Probe  
  43  7:38  Stalker x2  
  43  7:41  Probe (Chrono Boost)  
  48  7:47  Probe (Chrono Boost)  
  49  7:51  Charge (Chrono Boost)  
  49  7:53  Probe (Chrono Boost)  
  49  7:54  Nexus  
  51  7:58  Probe (Chrono Boost)  
  51  7:59  Pylon  
  51  8:01  Probe (Chrono Boost)  
  51  8:03  Probe (Chrono Boost)  
  53  8:06  Robotics Facility  
  53  8:07  Probe  
  54  8:13  Probe  
  54  8:17  Zealot x3  
  62  8:20  Probe  
  62  8:23  Gateway  
  62  8:31  Gateway  
  62  8:38  Sentry, Gateway  
  60  8:52  Stalker x2  
  60  8:53  Probe x2  
  60  8:57  Immortal (Chrono Boost)  
  62  9:04  Shield Battery  
  62  9:05  Probe  
  62  9:08  Stalker  
  66  9:14  Forge  
  66  9:18  Stalker  
  67  9:25  Zealot  
  67  9:26  Zealot  
  67  9:29  Zealot  
  67  9:34  Zealot x2  
  65  9:42  Stalker  
  65  9:44  Shield Battery  
  55  9:47  Zealot x2  
  55  9:57  Zealot, Stalker x2  
  55  10:05  Zealot, Stalker  
Show
View Real Time Build Order
Export as new Build Order

Lemon Protoss - Winner!

Build Orders: Phoenix Opening 

Get SALT Encoding   

  12  0:00  Probe  
  13  0:12  Probe  
  14  0:17  Pylon  
  14  0:24  Probe (Chrono Boost)  
  16  0:36  Probe (Chrono Boost)  
  16  0:38  Gateway  
  16  0:43  Probe (Chrono Boost)  
  16  0:45  Assimilator  
  17  0:51  Probe  
  17  0:55  Assimilator  
  18  1:03  Probe (Chrono Boost)  
  19  1:07  Gateway  
  20  1:12  Probe (Chrono Boost)  
  20  1:17  Probe (Chrono Boost)  
  20  1:25  Cybernetics Core  
  21  1:29  Probe  
  22  1:34  Pylon  
  22  1:41  Probe  
  23  1:53  Probe  
  24  2:02  Warp Gate (Chrono Boost), Stalker  
  24  2:08  Sentry  
  28  2:11  Pylon  
  28  2:31  Stalker  
  28  2:33  Stalker  
  32  2:38  Phoenix  
  32  2:48  Nexus  
  32  2:51  Shield Battery  
  32  2:53  Probe  
  33  3:01  Sentry  
  35  3:06  Probe  
  36  3:15  Twilight Council  
  36  3:16  Robotics Facility  
  36  3:18  Probe  
  37  3:30  Probe  
  37  3:31  Pylon  
  38  3:34  Phoenix  
  38  3:42  Probe  
  39  3:52  Stalker  
  41  3:56  Stalker  
  41  3:57  Probe  
  41  4:01  Probe  
  45  4:11  Probe  
  45  4:13  Probe  
  45  4:16  Immortal (Chrono Boost)  
  47  4:17  Stalker  
  47  4:24  Probe (Chrono Boost)  
  52  4:27  Probe (Chrono Boost)  
  51  4:35  Sentry  
  51  4:36  Probe (Chrono Boost)  
  55  4:39  Probe (Chrono Boost)  
  55  4:43  Probe (Chrono Boost)  
  55  4:44  Probe (Chrono Boost)  
  57  4:48  Immortal (Chrono Boost)  
  57  4:50  Probe  
  62  4:55  Pylon  
  62  5:10  Nexus  
  62  5:14  Pylon  
  62  5:16  Probe  
  62  5:17  Probe  
  62  5:19  Observer (Chrono Boost)  
  64  5:22  Shield Battery  
  64  5:27  Stalker  
  67  5:37  Stalker  
  67  5:41  Probe  
  69  5:46  Probe  
  69  5:59  Probe  
  69  6:00  Twilight Council  
  70  6:06  Pylon  
  69  6:15  Warp Prism (Chrono Boost)  
  69  6:17  Pylon  
  66  6:26  Stalker x2  
  66  6:27  Probe x2  
  72  6:36  Blink (Chrono Boost)  
  72  6:39  Probe  
  74  6:40  Probe  
  74  6:41  Assimilator  
  74  6:43  Gateway  
  74  6:45  Gateway  
  73  6:49  Stalker x2  
  73  6:54  Probe x2 (Chrono Boost)  
  79  6:57  Observer (Chrono Boost)  
  79  6:58  Probe (Chrono Boost)  
  78  7:08  Probe x2 (Chrono Boost)  
  77  7:18  Zealot x2  
  73  7:27  Probe  
  73  7:28  Probe  
  73  7:29  Probe  
  62  7:39  Probe  
  62  7:40  Probe  
  62  7:41  Stalker  
  62  7:44  Probe  
  63  7:49  Pylon  
  61  7:51  Probe  
  61  7:52  Probe  
  61  7:53  Stalker  
  61  7:58  Forge  
  66  8:00  Zealot, Stalker  
  66  8:04  Probe  
  70  8:12  Stalker  
  70  8:18  Stalker  
  70  8:19  Probe x2  
  74  8:20  Shield Battery, Probe  
  74  8:24  Stalker  
  74  8:25  Stalker  
  79  8:31  Probe x2  
  79  8:33  Photon Cannon, Probe  
  80  8:35  Stalker  
  82  8:43  Probe  
  82  8:47  Stalker  
  86  8:48  Probe  
  86  8:55  Probe  
  86  9:01  Photon Cannon  
  87  9:02  Photon Cannon  
  87  9:07  Gateway  
  87  9:08  Gateway  
  87  9:09  Pylon  
  87  9:11  Stalker x2  
  87  9:13  Stalker, Gateway  
  87  9:16  Stalker  
  93  9:34  Stalker x2  
  95  9:41  Probe  
  90  9:46  Stalker x2  
  90  9:47  Nexus  
  90  9:50  Pylon  
  90  9:52  Probe x2  
  94  9:53  Probe  
  94  9:54  Assimilator  
  91  10:00  Stalker x2  
Tags
 
Add a new tag
Caveats
  • Supply blocks, unpowered buildings, or Contaminate may cause inaccurate times.
  • Supply counts are checked every 10 seconds.